 Dungeon Crawl Stone Soup version 0.32-a0-687-g804251a (webtiles) character file.

Game seed: 11100087851710353555

245 Toastz the Shooter (level 5, -3/46 HPs)
             Began as a Minotaur Hunter on Mar 12, 2024.
             Killed from afar by a steam dragon (22 damage)
             ... with a ball of steam
             ... on level 3 of the Dungeon.
             The game lasted 00:04:30 (2595 turns).

Toastz the Shooter (Minotaur Hunter)                Turns: 2595, Time: 00:04:31

Health: -3/46      AC:  9    Str: 22    XL:     5   Next: 83%
Magic:  4/4        EV: 13    Int:  6    God:
Gold:   107        SH:  0    Dex: 18    Spells: 4/4 levels left

rFire   . . .        a - +0 shortbow
rCold   . . .        (shield currently unavailable)
rNeg    . . .        p - +3 leather armour of the Lute {rCorr Str+6 Dex+3}
rPois   .            (helmet restricted)
rElec   .            c - +2 cloak {Will+}
rCorr   +            (no gloves)
SInv    .            (no boots)
Will    +....        (no amulet)
Stlth   ++           o - ring of flight
HPRegen 0.27/turn    (no ring)
MPRegen 0.09/turn

%: no passive effects
@: flying
A: horns 2, retaliatory headbutt
a: no special abilities


You were on level 3 of the Dungeon.
You visited 1 branch of the dungeon, and saw 3 of its levels.

You collected 227 gold pieces.
You spent 120 gold pieces at shops.

Inventory:

Hand Weapons
 a - a +0 shortbow (weapon)
Armour
 c - a +2 cloak of willpower (worn)
 p - the +3 leather armour of the Lute (worn) {rCorr Str+6 Dex+3}
   (You found it on level 2 of the Dungeon)

   Str+6:     It affects your strength (+6).
   Dex+3:     It affects your dexterity (+3).
   rCorr:     It protects you from acid and corrosion.
Jewellery
 o - a ring of flight (left hand)
 r - a ring of willpower
Wands
 k - a wand of acid (10)
Scrolls
 b - a scroll of butterflies
 f - 2 scrolls of fog {unknown}
 g - 3 scrolls of teleportation {unknown}
 h - a scroll of enchant armour
 j - 2 scrolls of revelation
 n - a scroll of brand weapon {unknown}
 q - a scroll of identify
Potions
 d - 2 potions of lignification {unknown}
 e - a potion of degeneration {unknown}
 i - a potion of berserk rage {unknown}
 l - 2 potions of attraction {unknown}
 m - a potion of resistance
 s - a potion of cancellation {unknown}


   Skills:
 + Level 4.0 Fighting
 * Level 6.1 Ranged Weapons
 + Level 2.2 Armour
 + Level 3.6 Dodging
 - Level 0.7 Stealth


You had 4 spell levels left.
You didn't know any spells.
Your spell library contained the following spells:

 Spells                   Type           Power      Damage    Failure   Level
 Freeze                   Ice            0%         1d3       50%         1
 Blink                    Tloc           0%         N/A       65%         2
 Lesser Beckoning         Tloc           0%         N/A       65%         2
 Momentum Strike          Conj/Tloc      0%         3d8       65%         2
 Call Canine Familiar     Summ           0%         N/A       86%         3
 Frozen Ramparts          Ice            0%         1d1       86%         3
 Hailstorm                Conj/Ice       0%         3d5       86%         3
 Sigil of Binding         Hex            0%         N/A       86%         3
 Dimensional Bullseye     Hex/Tloc       0%         N/A       99%         4
 Summon Forest            Summ/Tloc      0%         N/A       100%        5
 Eringya's Noxious Bog    Alch           0%         4d6       100%        6
 Summon Hydra             Summ           0%         N/A       100%        7


Dungeon Overview and Level Annotations

Branches:
Dungeon (3/15)

Altars:

Shops:
D:2 *


Innate Abilities, Weirdness & Mutations

You have a pair of horns on your head.
You reflexively headbutt those who attack you in melee.


Message History

The orc is moderately wounded.
Fire: a) +0 shortbow
Press: ? - help, Q - select action, (/) - cycle Shift-Dir - straight line, f/p - orc
Aim: an orc, wielding a +0 club (moderately wounded, 66% to hit)
You shoot an arrow. The arrow hits the orc!
You kill the orc!
Things that are here:
a +0 club; an orc corpse You reach down and open the door.
An adder and a steam dragon come into view.
The adder hisses angrily.
Fire: a) +0 shortbow
Press: ? - help, Q - select action, (/) - cycle Shift-Dir - straight line, f - steam dragon
Aim: a steam dragon (66% to hit)
You shoot an arrow.
The arrow barely misses the steam dragon.
Fire: a) +0 shortbow
Press: ? - help, Q - select action, (/) - cycle Shift-Dir - straight line, f/p - steam dragon
Aim: a steam dragon (66% to hit)
You shoot an arrow. The arrow hits the steam dragon.
The steam dragon is lightly wounded.
The steam dragon bites you.
The steam dragon claws you but does no damage.
Fire: a) +0 shortbow
Press: ? - help, Q - select action, (/) - cycle Shift-Dir - straight line, f/p - steam dragon
Aim: a steam dragon (lightly wounded, 66% to hit)
You shoot an arrow.
The arrow hits the steam dragon but does no damage.
The steam dragon is lightly wounded.
The steam dragon breathes steam at you. The ball of steam misses you.
You are engulfed in a cloud of scalding steam.
The steam dragon breathes steam at you. The ball of steam hits you!!
Ouch! That really hurt!
You are engulfed in a cloud of scalding steam.
You are engulfed in a cloud of scalding steam.
The steam dragon breathes steam at you. The ball of steam hits you!!
You die...

##.........###.#..### #.#
###.####### #.#..## #.# #.#
#[....# ########.# #.#
#..#.#.##......... #'#
#...###.#.##.###.# ...
#.##.#.##.##.###.# ....
#.##..# #.##.....# .....
##.....# #.##...... ##
......####§@.##.###.###....#
.+
......'SD§.§................
.#
......####...##.###........#
# ..... ##.....# #.###.#..#
.... ##.#### #.# #.##.# >..
#.# #.# #.##.# # #'# #.# #.#
#....# ^# #.# #.# #.# ####.#
.# #.# #.# #.######.#


You could see a steam dragon (catching breath) and an adder.

Vanquished Creatures
  Crazy Yiuf (D:2)
  An orc priest (D:3)
  3 orc wizards (D:3)
  4 gnolls (D:3)
  An adder (D:2)
  5 orcs (D:3)
  A ball python (D:2)
  A bat (D:1)
  5 endoplasms
  5 giant cockroaches
  5 hobgoblins (D:3)
  7 jackals
  3 kobolds
  2 quokkas (D:2)
  A frilled lizard (D:2)
  6 goblins
  3 rats
54 creatures vanquished.

Notes
Turn   | Place    | Note
-------+----------+-------------------------------------------
     0 | D:1      | Toastz the Minotaur Hunter began the quest for the Orb.
     0 | D:1      | Reached XP level 1. HP: 18/18 MP: 0/0
   342 | D:1      | Reached XP level 2. HP: 25/25 MP: 1/1
   615 | D:2      | Found Luskuzo's General Store.
   640 | D:2      | Bought a scroll of identify for 20 gold pieces
   640 | D:2      | Bought a potion of resistance for 100 gold pieces
   863 | D:2      | Reached skill level 5 in Ranged Weapons
   865 | D:2      | Reached XP level 3. HP: 29/31 MP: 2/2
   955 | D:2      | Found a runed translucent door.
   956 | D:2      | Noticed Crazy Yiuf
  1018 | D:2      | Identified the +3 leather armour of the Lute {rCorr Str+6
                  | Dex+3}
  1460 | D:2      | Killed Crazy Yiuf
  1461 | D:2      | Reached XP level 4. HP: 38/38 MP: 3/3
  1737 | D:3      | Reached skill level 1 in Armour
  1841 | D:3      | Found a faded altar of an unknown god.
  1958 | D:3      | Reached XP level 5. HP: 42/46 MP: 4/4
  2019 | D:3      | Reached skill level 6 in Ranged Weapons
  2588 | D:3      | Noticed a steam dragon
  2595 | D:3      | Killed from afar by a steam dragon

Illustrated notes

Levels and vault maps discovered:
D:1:      wander_arrival_chamber, layout_basic
D:2:      minmay_general_purpose_star, layout_loops_ring, serial_shops, shop,
          uniq_crazy_yiuf_cottage
D:3:      layout_loops_corners, hellmonk_ecumenical_altar_crossroads,
          minmay_cupped

Skill      XL: |  1  2  3  4  5 |
---------------+----------------+-----
Ranged Weapons | 5 6 |  6.1
Fighting       | 3 4 |  4.0
Dodging        | 3 |  3.6
Armour         | 1 2 |  2.2
Stealth        | |  0.7

Action                     |  1- 3 |  4- 6 || total
---------------------------+-------+-------++-------
   Fire: Shortbow          |    75 |    86 ||   161
    Use: Scroll            |     1 |     1 ||     2
 Armour: Leather armour    |    18 |    39 ||    57
  Dodge: Dodged            |    21 |    28 ||    49

Table legend: (Time is in decaauts)
 A = Elapsed time spent in this place.
 B = Non-inter-level travel time spent in this place.
 C = Inter-level travel time spent in this place.
 D = Time resting spent in this place.
 E = Time spent auto-exploring this place.
 F = Levels seen in this place.
 G = Mean time per level.
                   A        B        C        D        E       F      G
               +--------+--------+--------+--------+--------+-----+--------+
         Total |   2584 |   2499 |     85 |    121 |   1978 |   3 |  861.3 |
       Dungeon |   2584 |   2499 |     85 |    121 |   1978 |   3 |  861.3 |
               +--------+--------+--------+--------+--------+-----+--------+

Top non-repeatable levels by time:
     D:2: 1074 daAuts
     D:3: 979 daAuts
     D:1: 530 daAuts
